Map: Purity and Industry LE

Players

RESONANT - Winner!

  • Race: Protoss Protoss
  • League: Silver
  • Spawn Location: 3:00

antagomiR

  • Race: Protoss Protoss
  • League: Gold
  • Spawn Location: 12:00

VOD

Have the link to the VOD?

Description

Time

  • Played on: April 1, 2020, 9:45 p.m.
  • Length: 7:22
Show
View Real Time Build Order
Export as new Build Order

RESONANT Protoss - Winner!

Build Orders:  

Get SALT Encoding   

  12  0:01  Probe  
  13  0:13  Probe  
  14  0:21  Pylon  
  14  0:25  Probe  
  15  0:41  Gateway  
  15  0:45  Assimilator  
  15  0:46  Probe  
  16  0:58  Probe  
  17  1:04  Assimilator  
  17  1:12  Probe (Chrono Boost)  
  18  1:18  Assimilator  
  18  1:22  Probe (Chrono Boost)  
  19  1:29  Pylon, Zealot  
  21  1:36  Cybernetics Core  
  21  1:39  Probe  
  22  1:57  Gateway  
  22  2:00  Zealot  
  24  2:05  Probe  
  25  2:18  Probe  
  26  2:30  Probe  
  26  2:31  Pylon  
  26  2:32  Zealot  
  29  2:43  Gateway  
  31  2:52  Zealot (Chrono Boost)  
  31  2:53  Warp Gate  
  31  3:05  Twilight Council  
  31  3:09  Zealot (Chrono Boost)  
  33  3:15  Zealot (Chrono Boost)  
  35  3:27  Forge  
  35  3:55  Nexus  
  35  4:08  Charge  
  35  4:19  Stalker x2 (Chrono Boost)  
  39  4:31  Pylon  
  39  4:49  Stalker  
  41  4:53  Stalker x2  
  45  5:01  Protoss Ground Armor Level 1  
  45  5:06  Pylon  
  45  5:13  Protoss Air Weapons Level 1  
  45  5:25  Pylon  
  43  5:59  Probe x2  
  45  6:11  Probe x2, Stalker x2  
  45  6:12  Stalker  
  53  6:23  Shield Battery  
  53  6:25  Shield Battery  
  53  6:36  Probe x2, Assimilator  
  53  6:38  Assimilator  
  55  6:42  Zealot  
  55  6:43  Zealot x2  
  61  6:48  Probe x2  
  61  7:21  Stalker x2  
Show
View Real Time Build Order
Export as new Build Order

antagomiR Protoss 

Build Orders:  

Get SALT Encoding   

  12  0:00  Probe  
  13  0:13  Probe  
  14  0:19  Pylon  
  14  0:25  Probe  
  15  0:37  Probe  
  15  0:39  Gateway  
  16  0:49  Probe  
  17  1:00  Assimilator  
  17  1:01  Probe  
  18  1:13  Probe  
  19  1:25  Probe  
  20  1:31  Cybernetics Core  
  21  1:47  Probe  
  21  1:58  Pylon  
  21  1:59  Probe  
  16  2:43  Warp Gate (Chrono Boost)  
  16  2:44  Stalker  
  18  2:55  Probe  
  19  3:06  Nexus  
  19  3:07  Probe  
  19  3:10  Pylon  
  18  3:31  Stalker (Chrono Boost)  
  20  3:35  Assimilator  
  19  3:53  Gateway, Stalker  
  21  4:24  Nexus  
  21  4:25  Probe  
  22  4:32  Pylon  
  22  4:37  Probe  
  23  4:40  Robotics Facility  
  23  4:49  Probe  
  24  4:55  Shield Battery  
  24  5:02  Probe  
  25  5:14  Probe  
  26  5:26  Probe  
  26  5:28  Forge  
  27  5:32  Sentry, Zealot  
  29  5:38  Probe  
  23  5:50  Probe  
  23  5:55  Stalker x2  
  25  6:10  Immortal (Chrono Boost)  
  28  6:20  Stalker  
  30  6:30  Pylon  
  30  6:53  Pylon  
Tags
 
Matchup
PvP
Replay Pack
20200422
Spawn Locations
Close Positions
Add a new tag
Caveats
  • Supply blocks, unpowered buildings, or Contaminate may cause inaccurate times.
  • Supply counts are checked every 10 seconds.